 Dungeon Crawl Stone Soup version 0.27-a0-1196-g3e9cee4cb2 (webtiles) character file.

Game seed: 9327487800953900515

134620 freelancePsychic the Peltast (level 17, 0/135 HPs)
             Began as a Human Wanderer on May 29, 2021.
             Was the Champion of Okawaru.
             Succumbed to a redback's poison
             ... on level 1 of the Spider Nest on May 30, 2021.
             The game lasted 01:17:26 (42108 turns).

freelancePsychic the Peltast (Human Wanderer)      Turns: 42108, Time: 01:17:27

Health: 0/135      AC: 29    Str: 17    XL:     17   Next: 75%
Magic:  17/22      EV: 10    Int: 13    God:    Okawaru [******]
Gold:   2361       SH: 14    Dex: 15    Spells: 16/16 levels left

rFire    . . .     SeeInvis .   b - +4 demon whip (vorpal)
rCold    . . .     Faith    .   u - +0 kite shield
rNeg     + . .     Spirit   +   T - +10 plate armour of Honesty {rN+}
rPois    +         Reflect  .   C - +0 helmet
rElec    .         Harm     .   R - +1 cloak {rPois}
rCorr    .         Rampage  .   e - +0 pair of gloves
Will     ++...                  J - +2 pair of boots {Fly}
Stlth    ..........             W - amulet of guardian spirit
HPRegen  0.32/turn              G - +4 ring of protection
MPRegen  0.18/turn              I - ring of willpower

@: lethally poisoned (0 -> -11), corroded, flying, studying Ice Magic
A: no striking features
a: Renounce Religion, Heroism, Finesse


You were on level 1 of the Spider Nest.
You worshipped Okawaru.
Okawaru was exalted by your worship.
You visited 5 branches of the dungeon, and saw 26 of its levels.
You also visited: Ice Cave.

You collected 2981 gold pieces.
You spent 620 gold pieces at shops.

Inventory:

Hand Weapons
 a - the +11 flail "Idal" {antimagic, *Slow rElec Int+3 SInv}
   (You found it on level 5 of the Lair of Beasts)

   It reduces the magical energy of the wielder, and disrupts the spells and
   magical abilities of those hit.
   Natural abilities and divine invocations are not affected.
   It affects your intelligence (+3).
   It insulates you from electricity.
   It lets you see invisible.
   It may slow you when you take damage.
 b - a +4 vorpal demon whip (weapon)
Missiles
 c - 4 atropa-tipped darts (quivered)
 o - 5 boomerangs of dispersal
 t - 20 javelins
 L - 9 curare-tipped darts
Armour
 e - a +0 pair of gloves (worn)
 f - a +2 cloak of cold resistance
 k - a +1 cloak of willpower
 n - the +5 scale mail of the Game of Life {rF+ rC+ Dex+2}
   (You found it on level 1 of the Spider Nest)

   It affects your dexterity (+2).
   It protects you from fire.
   It protects you from cold.
 u - a +0 kite shield (worn)
 C - a +0 helmet (worn)
 J - a +2 pair of boots of flying (worn)
 R - a +1 cloak of poison resistance (worn)
 T - the +10 plate armour of Honesty (worn) {rN+}
   (You found it on level 2 of the Orcish Mines)

   It protects you from negative energy.
Jewellery
 i - a +6 ring of strength
 w - an amulet of reflection
 x - a ring of wizardry
 D - the ring "Ekokeroq" {rElec rN+ Str-3 Int-2 Dex+6}
   (You found it on level 8 of the Dungeon)

   [ring of positive energy]

   It affects your strength (-3).
   It affects your intelligence (-2).
   It affects your dexterity (+6).
   It insulates you from electricity.
   It protects you from negative energy.
 G - a +4 ring of protection (left hand)
 I - a ring of willpower (right hand)
 Q - a +6 ring of strength
 W - an amulet of guardian spirit (around neck)
 Z - a ring of wizardry
Wands
 l - a wand of acid (12)
 y - a wand of flame (49)
 B - a wand of iceblast (70)
 H - a wand of mindburst (23)
 N - a wand of charming (12)
 U - a wand of polymorph (15)
 X - a wand of paralysis (2)
Scrolls
 d - 8 scrolls of teleportation {@r4}
 j - 2 scrolls of blinking
 p - 2 scrolls of vulnerability
 q - 4 scrolls of magic mapping
 K - 3 scrolls of amnesia
 M - a scroll of summoning
 P - a scroll of holy word
 Y - 6 scrolls of identify {@r1}
Potions
 g - a potion of might
 h - 12 potions of curing {@q1}
 m - 6 potions of attraction
 r - 2 potions of haste {@q3}
 s - 5 potions of lignification
 v - 4 potions of heal wounds {@q2}
 z - 3 potions of cancellation
 E - 2 potions of ambrosia
 F - 4 potions of brilliance
 O - 3 potions of invisibility
 S - a potion of mutation
 V - a potion of magic
Miscellaneous
 A - a condenser vane


   Skills:
 + Level 12.7 Fighting
 - Level 9.8(12.0) Maces & Flails
 - Level 11.3(12.6) Staves
 + Level 10.5 Armour
 + Level 14.0 Dodging
 - Level 1.0 Stealth
 - Level 15.0 Shields
 - Level 7.0 Invocations


You had 16 spell levels left.
You didn't know any spells.
Your spell library contained the following spells:

 Spells                   Type           Power      Damage    Failure   Level
 Beastly Appendage        Tmut           0%         N/A       100%        1
 Corona                   Hex            0%         N/A       100%        1
 Foxfire                  Conj/Fire      0%         2x1d4     100%        1
 Magic Dart               Conj           0%         1d3       100%        1
 Sandblast                Erth           0%         2d4       100%        1
 Shock                    Conj/Air       0%         1d3       100%        1
 Blink                    Tloc           N/A        N/A       100%        2
 Call Imp                 Summ           0%         N/A       100%        2
 Ensorcelled Hibernation  Hex/Ice        0%         N/A       100%        2
 Passwall                 Tmut/Erth      0%         N/A       100%        2
 Slow                     Hex            0%         N/A       100%        2
 Static Discharge         Conj/Air       0%         N/A       100%        2
 Wereblood                Tmut           0%         N/A       100%        2
 Confusing Touch          Hex            0%         N/A       100%        3
 Conjure Flame            Conj/Fire      0%         6-21      100%        3
 Dazzling Flash           Conj/Hex       0%         N/A       100%        3
 Gell's Gravitas          Tloc           0%         N/A       100%        3
 Inner Flame              Hex/Fire       0%         N/A       100%        3
 Lesser Beckoning         Tloc           0%         N/A       100%        3
 Mephitic Cloud           Conj/Pois/Air  0%         N/A       100%        3
 Spider Form              Tmut/Pois      0%         N/A       100%        3
 Stone Arrow              Conj/Erth      0%         3d7       100%        3
 Swiftness                Air            0%         N/A       100%        3
 Teleport Other           Tloc           0%         N/A       100%        3
 Tukima's Dance           Hex            0%         N/A       100%        3
 Airstrike                Air            0%         N/A       100%        4
 Ice Form                 Ice/Tmut       0%         N/A       100%        4
 Petrify                  Tmut/Erth      0%         N/A       100%        4
 Sticky Flame             Conj/Fire      0%         2d3       100%        4
 Bolt of Magma            Conj/Fire/Erth 0%         4d4       100%        5
 Fireball                 Conj/Fire      0%         3d3       100%        5
 Hydra Form               Tmut           0%         N/A       100%        5
 Irradiate                Conj/Tmut      0%         3d13      100%        5
 Iskenderun's Battlesphe  Conj           0%         2d6       100%        5
 Lee's Rapid Deconstruct  Erth           0%         3d5*      100%        5
 Lightning Bolt           Conj/Air       0%         1d11      100%        5
 Manifold Assault         Tloc           0%         N/A       100%        5
 Metabolic Englaciation   Hex/Ice        0%         N/A       100%        5
 Yara's Violent Unravell  Hex/Tmut       0%         3d3       100%        5
 Blade Hands              Tmut           0%         N/A       100%        6
 Iron Shot                Conj/Erth      0%         9d1       100%        6
 Statue Form              Tmut/Erth      0%         N/A       100%        6
 Dragon Form              Tmut           0%         N/A       100%        7
 Orb of Destruction       Conj           0%         N/A       100%        7
 Spellforged Servitor     Conj/Summ      0%         N/A       100%        7


Dungeon Overview and Level Annotations

Branches:
Dungeon (15/15)            Temple (0/1) D:6            Lair (6/6) D:11
 Shoals (0/4) Lair:4       Spider (2/4) Lair:2        Slime (1/5) Lair:5
    Orc (2/2) D:9             Elf (0/3) Orc:2        Vaults (0/5) D:13
 Depths (0/5) D:15          IceCv (visited)

Altars:
Ashenzari
Cheibriados
Kikubaaqudgha
Nemelex Xobeh
Okawaru
Xom
Beogh
Jiyva

Shops:
D:1 ?   D:11 ?   D:13 !   Orc:2 !!(*=

Annotations:
D:9 exclusion: hornet
Lair:1 exclusion: 2 oklob plants
Lair:2 3 runed translucent doors, porpoise's ghost, journeyman OpCj


Message History

The redback bites you!
You are poisoned.
The redback poisons you!
You whack the redback!
The redback is almost dead.
You feel very sick. The redback bites you.
You are lethally poisoned!
The redback poisons you!
You barely miss the redback.
The redback is almost dead.
You feel extremely sick.
You barely miss the redback.
The redback is almost dead.
You feel extremely sick. You block the redback's attack.
You hit the redback.
The redback is almost dead.
You feel extremely sick. The redback closely misses you.
You whack the redback!
You kill the redback!
Okawaru accepts your kill.
* * * LOW HITPOINT WARNING * * *
You feel extremely sick.
* * * LOW HITPOINT WARNING * * *
You feel extremely sick.
* * * LOW HITPOINT WARNING * * *
You feel extremely sick.
You see here a redback corpse.
* * * LOW HITPOINT WARNING * * *
You feel extremely sick.
There is a stone staircase leading down here.
* * * LOW HITPOINT WARNING * * *
You feel very sick.
* * * LOW HITPOINT WARNING * * *
You feel very sick.
* * * LOW HITPOINT WARNING * * *
You feel very sick.
You die...

......................#
.....##.........(.....#
............#).>......#
....#...........#.....#
...=......#.....#.....#
.........[#.^.........#
..................#...#
......................#
...........†>...@#....#
......[.........>.....#
.....................^#
..............#.......#
.....<..#.......#.....#
#.....#...............#
....)..........^......#
............#.........#
...#..............#...#


There were no monsters in sight!

Vanquished Creatures
  An orc warlord (Orc:1)
  An emperor scorpion (Spider:1)
  Nessos (Lair:6)
  The ghost of krigyl the Grappler, a journeyman TrAr of Nemelex Xobeh (Lair:1)
  The ghost of Cheivey the Spear-Bearer, a journeyman MiBe of Trog (Orc:2)
  11 hydras
  4 ogre magi (Orc:2)
  A boulder beetle (D:13)
  4 catoblepae
  The ghost of pokeman the Eclecticist, a journeyman DEWz of Vehumet (D:12)
  7 centaur warriors
  20 two-headed ogres
  A dancing weapon (Orc:2)
  A tengu warrior (D:13)
  Urug (Orc:2)
  16 death yaks
  Nergalle (Orc:1)
  2 skeletal warriors (D:15)
  Sonja (Lair:3)
  A flayed ghost (D:15)
  2 necromancers
  3 deep elf pyromancers
  A lindwurm (Lair:6)
  16 ugly things
  3 orc sorcerers
  9 wolf spiders
  5 orb spiders
  A sphinx zombie (D:15)
  3 manticores
  7 cyclopes
  10 elephants
  A stone giant skeleton (D:15)
  Maurice (D:10)
  2 merfolk sirens (Lair:4)
  An ice statue (IceCv)
  3 torpor snails
  5 black mambas
  A gargoyle (D:12)
  9 cane toads
  A rime drake (Lair:4)
  3 kobold demonologists (D:12)
  6 komodo dragons
  10 freezing wraiths (IceCv)
  2 efreet
  A tengu conjurer (D:15)
  9 jumping spiders
  5 demonic crawlers
  13 trolls
  5 polar bears
  2 merfolk (Lair:4)
  11 slime creatures
  A wolf spider simulacrum (IceCv)
  10 hornets
  17 blink frogs
  4 shadows
  A tarantella (shapeshifter) (D:15)
  An ettin skeleton (D:15)
  33 redbacks
  A spriggan (D:14)
  2 wraiths
  4 wyverns
  65 yaks
  13 tarantellas
  An ice dragon skeleton (D:15)
  A vampire (D:13)
  Eustachio (D:5)
  3 death yak simulacra (IceCv)
  4 vampire mosquitoes (D:11)
  5 basilisks
  Menkaure (D:7)
  A warg (Orc:2)
  11 water moccasins
  2 acid dragons
  A hornet zombie (D:8)
  A meliai simulacrum (D:15)
  18 orc warriors
  A black bear (D:11)
  6 ice beasts (IceCv)
  A sky beast (D:5)
  A necrophage (D:6)
  7 wolves
  35 ogres
  3 phantoms
  12 centaurs
  Blork the orc (D:5)
  10 kobold brigands
  A wyvern zombie (D:6)
  6 bullfrogs
  3 gnoll sergeants
  7 scorpions
  A wyvern skeleton (D:7)
  A killer bee (D:8)
  12 wights
  5 howler monkeys
  2 hounds
  10 orc priests
  6 draconian simulacra (IceCv)
  3 bullfrog skeletons
  2 centaur zombies (D:10)
  A centaur skeleton (D:7)
  An iguana (D:6)
  16 orc wizards
  A spriggan simulacrum (IceCv)
  2 troll simulacra (IceCv)
  A killer bee zombie (D:6)
  3 centaur simulacra (IceCv)
  A mummy (D:8)
  2 howler monkey zombies
  7 gnolls
  4 ogre simulacra (IceCv)
  6 adders
  4 naga simulacra (IceCv)
  4 shadow imps
  14 white imps
  A worm (D:2)
  6 dart slugs
  65 orcs
  6 endoplasms
  A giant cockroach (D:2)
  10 goblins
  3 hobgoblins
  15 jackals
  2 quokkas
  2 ball pythons (D:1)
  5 bats
  2 frilled lizards (D:2)
  A hobgoblin zombie (D:8)
  5 kobolds
  2 kobold zombies (D:8)
  2 rats
761 creatures vanquished.

Vanquished Creatures (others)
  A vampire (D:12)
  A kobold brigand (D:12)
  A howler monkey (D:12)
  15 fungi
  32 plants
  4 withered plants (D:15)
54 creatures vanquished.

Grand Total: 815 creatures vanquished

Notes
Turn   | Place    | Note
-------+----------+-------------------------------------------
     0 | D:1      | freelancePsychic the Human Wanderer began the quest for the
                  | Orb.
     0 | D:1      | freelancePsychic set off with the following items: a +2
                  | quarterstaff, 2 potions of curing {@q1}, a +0 robe
     0 | D:1      | Reached XP level 1. HP: 16/16 MP: 1/1
    80 | D:1      | Reached XP level 2. HP: 18/23 MP: 2/2
   549 | D:1      | Reached XP level 3. HP: 28/28 MP: 3/3
   873 | D:1      | Found Dieps's Magic Scroll Shoppe.
  1251 | D:2      | Reached XP level 4. HP: 32/35 MP: 4/4
  1859 | D:3      | Reached skill level 5 in Staves
  2140 | D:3      | Reached XP level 5. HP: 38/41 MP: 5/5
  2976 | D:4      | Found an iron altar of Okawaru.
  2982 | D:4      | Became a worshipper of Warmaster Okawaru
  3159 | D:4      | Reached XP level 6. HP: 45/47 MP: 6/6
  3824 | D:5      | Entered Level 5 of the Dungeon
  4040 | D:5      | Reached XP level 7. HP: 49/52 MP: 7/7
  4065 | D:5      | Reached * piety under Okawaru
  4360 | D:5      | Noticed Blork the orc
  4557 | D:5      | Killed Blork the orc
  4564 | D:5      | Reached XP level 8. HP: 57/58 MP: 8/8
  5714 | D:5      | Noticed Eustachio
  5723 | D:5      | Killed Eustachio
  5723 | D:5      | Reached ** piety under Okawaru
  6515 | D:6      | Reached skill level 10 in Staves
  6539 | D:6      | Reached skill level 5 in Fighting
  6539 | D:6      | Reached XP level 9. HP: 59/68 MP: 9/9
  7159 | D:6      | Found a snail-covered altar of Cheibriados.
  7531 | D:6      | Reached *** piety under Okawaru
  7577 | D:6      | Found a staircase to the Ecumenical Temple.
  8984 | D:7      | Noticed Menkaure
  9007 | D:7      | Killed Menkaure
  9008 | D:7      | Reached skill level 1 in Maces & Flails
  9442 | D:8      | Reached XP level 10. HP: 39/77 MP: 10/10
  9671 | D:8      | Found an ancient bone altar of Kikubaaqudgha.
  9800 | D:8      | Reached skill level 5 in Maces & Flails
  9805 | D:8      | Reached **** piety under Okawaru
 10839 | D:8      | Noticed a cyclops
 10846 | D:8      | Killed a cyclops
 10853 | D:8      | Noticed a green ugly thing
 10861 | D:8      | Killed a green ugly thing
 10864 | D:8      | Identified the ring "Ekokeroq" {rElec rN+ Str-3 Int-2
                  | Dex+6}
 11428 | D:8      | Reached ***** piety under Okawaru
 11947 | D:9      | Reached XP level 11. HP: 79/84 MP: 11/11
 12160 | D:9      | Noticed a two-headed ogre
 12171 | D:9      | Killed a two-headed ogre
 12253 | D:9      | Noticed a cyclops
 12263 | D:9      | Killed a cyclops
 12588 | D:9      | Found a staircase to the Orcish Mines.
 12715 | D:10     | Entered Level 10 of the Dungeon
 12915 | D:10     | Identified a scroll of acquirement
 12916 | D:10     | Acquired 527 gold pieces
 13041 | D:10     | Noticed Maurice
 13052 | D:10     | Killed Maurice
 13052 | D:10     | Received a gift from Okawaru
 13240 | D:10     | Found a broken altar of Ashenzari.
 13578 | D:11     | Reached skill level 5 in Invocations
 13876 | D:11     | Noticed a two-headed ogre
 13904 | D:11     | Killed a two-headed ogre
 14128 | D:11     | Noticed a two-headed ogre
 14207 | D:11     | Killed a two-headed ogre
 14207 | D:11     | Received a gift from Okawaru
 14208 | D:11     | Reached XP level 12. HP: 77/97 MP: 14/16
 14397 | D:11     | Found Tevimp's Magic Scroll Emporium.
 14658 | D:11     | Noticed a death yak
 14948 | D:11     | Found a staircase to the Lair.
 14974 | Lair:1   | Entered Level 1 of the Lair of Beasts
 14987 | Lair:1   | Reached skill level 10 in Fighting
 15881 | Lair:1   | Found a runed translucent gate.
 15881 | Lair:1   | Found a runed translucent gate.
 15881 | Lair:1   | Found a runed translucent gate.
 15922 | Lair:1   | Noticed a seven-headed hydra
 15965 | Lair:1   | Killed a seven-headed hydra
 16112 | Lair:1   | Reached skill level 1 in Armour
 16460 | Lair:1   | Noticed an eight-headed hydra
 16478 | Lair:1   | Killed an eight-headed hydra
 16479 | Lair:1   | Reached skill level 3 in Shields
 16753 | Lair:1   | Noticed a seven-headed hydra
 16762 | Lair:1   | Killed a seven-headed hydra
 17190 | Lair:1   | Noticed krigyl's ghost (journeyman TrAr)
 17720 | Lair:2   | Reached skill level 4 in Shields
 18092 | Lair:2   | Found a runed translucent gate.
 18093 | Lair:2   | Found a runed translucent gate.
 18093 | Lair:2   | Noticed porpoise's ghost (journeyman OpCj)
 18093 | Lair:2   | Noticed a nine-headed hydra
 18093 | Lair:2   | Noticed an 11-headed hydra
 18096 | Lair:2   | Found a runed translucent gate.
 18109 | Lair:2   | Reached skill level 5 in Shields
 18109 | Lair:2   | Reached XP level 13. HP: 106/106 MP: 18/18
 18121 | Lair:2   | Found a hole to the Spider Nest.
 18820 | Lair:3   | Noticed Sonja
 18832 | Lair:3   | Killed Sonja
 18942 | Lair:3   | Reached skill level 5 in Armour
 19229 | Lair:3   | Reached skill level 6 in Shields
 19695 | Lair:3   | Received a gift from Okawaru
 20198 | Lair:4   | Reached skill level 7 in Shields
 20319 | Lair:4   | Noticed a catoblepas
 20341 | Lair:4   | Killed a catoblepas
 20498 | Lair:4   | Found a staircase to the Shoals.
 20617 | Lair:4   | Noticed a six-headed hydra
 20626 | Lair:4   | Killed a six-headed hydra
 20989 | Lair:5   | Reached skill level 8 in Shields
 21119 | Lair:4   | Reached ****** piety under Okawaru
 21804 | Lair:5   | Reached skill level 9 in Shields
 21808 | Lair:5   | Identified the +11 flail "Idal" {antimagic, *Slow rElec
                  | Int+3 SInv}
 21963 | Lair:5   | Noticed a seven-headed hydra
 21976 | Lair:5   | Killed a seven-headed hydra
 21976 | Lair:5   | Received a gift from Okawaru
 21977 | Lair:5   | Reached XP level 14. HP: 87/113 MP: 16/19
 22398 | Lair:5   | Found a viscous altar of Jiyva.
 22398 | Lair:5   | Found a staircase to the Slime Pits.
 22431 | Lair:6   | Entered Level 6 of the Lair of Beasts
 22440 | Lair:6   | Noticed Nessos
 22792 | Lair:6   | Killed Nessos
 22884 | Lair:6   | Reached skill level 10 in Shields
 23245 | Lair:6   | Reached skill level 5 in Dodging
 23626 | Lair:6   | Received a gift from Okawaru
 23882 | Lair:6   | Reached skill level 11 in Shields
 24700 | Lair:6   | Received a gift from Okawaru
 24710 | Lair:6   | Reached XP level 15. HP: 75/119 MP: 13/20
 25120 | Lair:6   | Reached skill level 12 in Shields
 26313 | Orc:1    | Entered Level 1 of the Orcish Mines
 26569 | Orc:1    | Noticed Nergalle
 26600 | Orc:1    | Killed Nergalle
 27248 | Orc:2    | Entered Level 2 of the Orcish Mines
 27361 | Orc:2    | Received a gift from Okawaru
 27721 | Orc:2    | Noticed an orc warlord
 28003 | Orc:1    | Killed an orc warlord
 28004 | Orc:1    | Reached skill level 10 in Dodging
 28004 | Orc:1    | Reached skill level 13 in Shields
 28501 | Orc:2    | Received a gift from Okawaru
 28502 | Orc:2    | Found the +5 robe of Misfortune {Contam Harm *Corrode Drain
                  | *Slow EV+5}
 28811 | Orc:2    | Noticed Urug
 28842 | Orc:2    | Killed Urug
 28978 | Orc:2    | Found Atwopid's Jewellery Emporium.
 29036 | Orc:2    | Found Dirom's Antique Weapon Shoppe.
 29036 | Orc:2    | Found Iduxyan's General Store.
 29037 | Orc:2    | Found Kutan's Distillery.
 29037 | Orc:2    | Found Siaboy's Distillery.
 29068 | Orc:2    | Reached XP level 16. HP: 112/126 MP: 21/21
 29575 | Orc:2    | Found a runed translucent door.
 29576 | Orc:2    | Found a shimmering altar of Xom.
 29576 | Orc:2    | Noticed Cheivey's ghost (journeyman MiBe)
 29625 | Orc:2    | Found a staircase to the Elven Halls.
 29904 | Orc:2    | Killed Cheivey's ghost
 29908 | Orc:2    | Identified the +10 plate armour of Honesty {rN+}
 30258 | Lair:1   | Killed krigyl's ghost
 30695 | D:12     | Reached skill level 14 in Shields
 30994 | D:12     | Noticed pokeman's ghost (journeyman DEWz)
 30994 | D:12     | Found a runed translucent gate.
 30995 | D:12     | Found a runed translucent gate.
 30995 | D:12     | Found a runed translucent gate.
 31498 | D:12     | Killed pokeman's ghost
 32300 | D:13     | Received a gift from Okawaru
 32741 | D:13     | Found a gate to the Vaults.
 32833 | D:13     | Found Jebuller's Distillery.
 32857 | D:13     | Bought a potion of haste for 160 gold pieces
 32857 | D:13     | Bought a potion of heal wounds for 80 gold pieces
 32857 | D:13     | Bought a potion of cancellation for 128 gold pieces
 32857 | D:13     | Bought a potion of curing for 48 gold pieces
 33667 | D:14     | Reached skill level 15 in Shields
 34024 | D:15     | Entered Level 15 of the Dungeon
 34035 | D:15     | Found a frozen archway.
 34046 | IceCv    | Entered an ice cave
 34627 | IceCv    | Found an ancient bone altar of Kikubaaqudgha.
 34668 | IceCv    | Reached XP level 17. HP: 87/133 MP: 19/22
 35530 | D:15     | Found a staircase to the Depths.
 37236 | D:15     | Found a sparkling altar of Nemelex Xobeh.
 37615 | D:1      | Bought a scroll of enchant armour for 90 gold pieces
 37615 | D:1      | Bought a scroll of summoning for 114 gold pieces
 38110 | Spider:1 | Entered Level 1 of the Spider Nest
 38124 | Lair:2   | Identified the +12 dagger of the Two Names {pain, rN+ Str-2
                  | Int+3} (Okawaru gifted it to you on level 2 of the Lair of
                  | Beasts)
 38124 | Lair:2   | Received a gift from Okawaru
 38931 | Spider:1 | Identified the +5 scale mail of the Game of Life {rF+ rC+
                  | Dex+2}
 39516 | Slime:1  | Entered Level 1 of the Pits of Slime
 39962 | Spider:1 | Reached skill level 10 in Armour
 40983 | Spider:1 | Received a gift from Okawaru
 42106 | Spider:1 | HP: 5/135 [poisoned by a redback]
 42108 | Spider:1 | Succumbed to a redback's poison

Illustrated notes

Levels and vault maps discovered:
D:1:      saegor_arrival_simple_d, layout_loops_ring, serial_shops, shop
D:2:      layout_basic, minmay_misc_feat_nine_boxes
D:3:      layout_loops_ring, minmay_misc_feat_tower
D:4:      layout_basic, lemuel_crystal_altar
D:5:      corexii_shack_village, layout_rooms, serial_co_window_serial,
          co_window_corner_a, co_window_paths_a, co_window_corner_a,
          co_window_of_opportunity_a, co_window_of_opportunity_a,
          co_window_corner_b, co_window_paths_c, co_window_unsneaky_path_c,
          co_window_broadway_a, co_window_paths_d, glass_columns_b,
          glass_columns_b, uniq_eustachio, uniq_blork_the_orc
D:6:      layout_loops_cross, kennysheep_slug_shrine,
          minmay_temple_entry_antechambers, grunt_decor_cap,
          kennysheep_generic_room_13
D:7:      layout_rooms, uniq_menkaure
D:8:      nzn_winding_woodlands_cross [nzn_winding_woodlands_5x15_default,
          nzn_winding_woodlands_5x15_split_checker,
          nzn_winding_woodlands_5x15_twine,
          nzn_winding_woodlands_5x15_concentric,
          nzn_winding_woodlands_15x15_boxy_spiral], layout_loops_corners,
          kiku_gazebo_garden_becter, minmay_mini_ossuary
D:9:      layout_gridville, david_orc_4
D:10:     layout_cave_pools, ashenzari_altar_1, chequers_serial_rivers_micro_e,
          uniq_maurice
D:11:     layout_basic, david_lair_generic, serial_shops, kennysheep_mini_moat
D:12:     layout_loops_ring, gammafunk_ghost_nasty_kobolds
D:13:     layout_rooms, david_vaults_1, serial_shops, kennysheep_mini
D:14:     layout_basic, the_hattery
D:15:     gammafunk_depths_entry_grave, layout_long_grid,
          portal_ice_cave_entry_pillars_2, nemelex_lonely_heart_becter
Lair:1:   layout_cave_pods, ebering_ghost_rock_garden, minmay_lair_oklob_chamber
Lair:2:   layout_big_grid, nicolae_spider_entry_orb_guardian,
          gammafunk_ghost_hydra_chop, chequers_serial_rivers_small_a
Lair:3:   layout_regular_city, uniq_sonja
Lair:4:   layout_roguey, elwin_shoals_entry_stream, serial_bayou_shore_b
Lair:5:   layout_misc_corridors, dpeg_slime_entry_enclosed_altar
Lair:6:   evilmike_catoblepas_cave, layout_cave_pods, serial_bayou_shore_b,
          serial_bayou_shore_b, uniq_nessos
Spider:1: spiders_nest_scorpion_pit
Spider:2: layout_spider_delve, nicolae_spider_spiderdrome
Slime:1:  layout_caves, cheibrodos_slime_lost_civilization_7
Orc:1:    layout_diamond_mine, basic_altar, uniq_nergalle
Orc:2:    st_orc_ogre_mass, layout_caves, ebering_ghost_xom, serial_shops,
          nicolae_shop_statue_plus, uniq_urug

Skill      XL: |  1  2  3  4  5  6  7  8  9 10 11 12 13 14 15 16 17 |
---------------+----------------------------------------------------+-----
Fighting       | 3 5 6 7 9 11 12 | 12.7
Staves         | 5 6 7 8 10 11 | 11.3
Maces & Flails | 3 9 |  9.8
Invocations    | 5 7 |  7.0
Armour         | 4 8 9 10 | 10.5
Shields        | 5 9 11 13 15 | 15.0
Dodging        | 7 10 13 14 | 14.0
Stealth        | |  1.0

Action                   |  1- 3 |  4- 6 |  7- 9 | 10-12 | 13-15 | 16-18 || total
-------------------------+-------+-------+-------+-------+-------+-------++-------
Melee: Quarterstaff      |    68 |   132 |   284 |   774 |   198 |       ||  1456
       Demon whip        |       |       |       |       |  1377 |  1780 ||  3157
       Flail             |       |       |       |       |       |    78 ||    78
 Fire: Hunting sling     |       |    18 |     6 |       |       |       ||    24
Throw: Stone             |       |       |     1 |       |       |       ||     1
       Dart              |       |       |       |     1 |     3 |       ||     4
       Throwing net      |       |       |       |     1 |       |       ||     1
Invok: Heroism           |       |       |     6 |     6 |    13 |     3 ||    28
       Finesse           |       |       |       |     1 |     5 |       ||     6
Evoke: Wand              |       |       |       |     1 |    10 |       ||    11
       Condenser vane    |       |       |       |       |       |     1 ||     1
  Use: Scroll            |       |     8 |     6 |    13 |     7 |     5 ||    39
       Potion            |       |       |     2 |     2 |     1 |     3 ||     8
 Stab: Sleeping          |     1 |     3 |     2 |     1 |       |       ||     7
       Held in net/web   |       |       |       |     2 |       |       ||     2
       Invisible         |       |       |       |     4 |       |     4 ||     8
       Petrified         |       |       |       |       |    16 |       ||    16
       Confused          |       |       |       |       |       |     2 ||     2
Armor: Robe              |    13 |       |       |       |       |       ||    13
       Leather armour    |       |    32 |    55 |    23 |       |       ||   110
       Troll leather arm |       |       |       |   105 |    62 |       ||   167
       Scale mail        |       |       |       |   188 |   307 |    13 ||   508
       Skin              |       |       |       |       |     1 |       ||     1
       Plate armour      |       |       |       |       |       |   795 ||   795
Dodge: Dodged            |    50 |    61 |   105 |   276 |   337 |   420 ||  1249
Block: Other             |       |       |    27 |   134 |    25 |       ||   186
       Reflection        |       |       |     2 |     3 |    14 |    36 ||    55
       Kite shield       |       |       |       |       |   860 |  1223 ||  2083

Table legend: (Time is in decaauts)
 A = Elapsed time spent in this place.
 B = Non-inter-level travel time spent in this place.
 C = Inter-level travel time spent in this place.
 D = Time resting spent in this place.
 E = Time spent auto-exploring this place.
 F = Levels seen in this place.
 G = Mean time per level.
                   A        B        C        D        E       F      G
               +--------+--------+--------+--------+--------+-----+--------+
         Total |  40326 |  37970 |   2356 |   8091 |  23574 |  27 | 1493.6 |
       Dungeon |  20877 |  19430 |   1447 |   3155 |  13167 |  15 | 1391.8 |
          Lair |  12505 |  11729 |    776 |   2711 |   7272 |   6 | 2084.2 |
   Spider Nest |   2316 |   2252 |     64 |    911 |    800 |   2 | 1158.0 |
    Slime Pits |      1 |      1 |      0 |      0 |      0 |   1 |    1.0 |
  Orcish Mines |   3403 |   3336 |     67 |    786 |   1869 |   2 | 1701.5 |
      Ice Cave |   1221 |   1221 |      0 |    528 |    465 |   1 | 1221.0 |
               +--------+--------+--------+--------+--------+-----+--------+

Top non-repeatable levels by time:
  Lair:1: 3007 daAuts
  Lair:6: 2920 daAuts
  Lair:2: 2410 daAuts
     D:5: 2273 daAuts
Spider:1: 2081 daAuts
     D:8: 1778 daAuts
     D:6: 1764 daAuts
   Orc:1: 1757 daAuts
     D:7: 1743 daAuts
    D:11: 1670 daAuts
    D:15: 1666 daAuts
   Orc:2: 1645 daAuts
     D:4: 1619 daAuts
  Lair:5: 1533 daAuts
    D:12: 1414 daAuts
